 Seeded DCSS version 0.30.1-11-g7821555f0a (webtiles) character file.

Game seed: 5129858224507802926 (custom seed)

104 Psyclone the Conjurer (level 4, 0/24 HPs)
             Began as a Deep Elf Conjurer on Nov 7, 2023.
             Slain by an orc
             ... wielding a +0 whip
              (5 damage)
             ... on level 3 of the Dungeon.
             The game lasted 00:06:47 (2291 turns).

Psyclone the Conjurer (Deep Elf Conjurer)           Turns: 2291, Time: 00:06:48

Health: 0/24       AC:  2    Str:  4    XL:     4   Next: 52%
Magic:  2/12       EV: 12    Int: 25    God:
Gold:   150        SH:  0    Dex: 13    Spells: 8/11 levels left

rFire   . . .        f - +0 short sword
rCold   . . .        (no shield)
rNeg    . . .        a - +0 robe
rPois   .            (no helmet)
rElec   .            (no cloak)
rCorr   .            (no gloves)
SInv    .            (no boots)
Will    .....        (no amulet)
Stlth   ++           (no ring)
HPRegen 0.24/turn    (no ring)
MPRegen 0.13/turn

%: no passive effects
@: no status effects
A: no striking features
a: no special abilities


You were on level 3 of the Dungeon.
You visited 1 branch of the dungeon, and saw 3 of its levels.

You collected 150 gold pieces.

Inventory:

Hand Weapons
 f - a +0 short sword (weapon)
Armour
 a - a +0 robe (worn)
Scrolls
 c - 2 scrolls of vulnerability {unknown}
 e - 2 scrolls of fear {unknown}
 g - a scroll of amnesia {unknown}
Potions
 b - a potion of magic
 d - a potion of curing {unknown}
 h - a potion of might {unknown}


   Skills:
 - Level 2.5 Dodging
 - Level 2.5 Stealth
 + Level 4.3 Spellcasting
 * Level 5.9 Conjurations


You had 8 spell levels left.
You knew the following spells:

 Your Spells              Type           Power      Damage    Failure   Level
a - Magic Dart            Conj           100%       1d8       1%          1
b - Searing Ray           Conj           70%        2d7       1%          2

Your spell library contained the following spells:

 Spells                   Type           Power      Damage    Failure   Level
 Dazzling Flash           Conj/Hex       40%        N/A       8%          3
 Fulminant Prism          Conj/Hex       10%        3d8       26%         4
 Iskenderun's Mystic Bla  Conj/Tloc      20%        2d6       26%         4


Dungeon Overview and Level Annotations

Branches:
Dungeon (3/15) Zot: 15709

Altars:

Shops:
D:1 [   D:2 =![(


Message History

The magic dart hits the orc but does no damage.
The orc is almost dead.
The orc hits you with a +0 hand axe.
You take 6 damage, and have 13/24 hp.
MASSIVE DAMAGE!!
You now have 5/12 mp.
Casting: Magic Dart (safe; 1% risk of failure)
Confirm with . or Enter, or press ? or * to list all spells.
Aiming: Magic Dart (safe; 1% risk of failure)
Press: ? - help, Shift-Dir - straight line, f/p - orc
Aim: an orc, wielding a +0 hand axe and wearing a +0 scale mail (almost dead, 100% to hit)
The magic dart hits the orc but does no damage.
The orc is almost dead.
The orc hits you with a +0 whip. The orc hits you with a +0 hand axe.
* * * LOW HITPOINT WARNING * * *
Casting: Magic Dart (safe; 1% risk of failure)
Confirm with . or Enter, or press ? or * to list all spells.
Aiming: Magic Dart (safe; 1% risk of failure)
Press: ? - help, Shift-Dir - straight line, f/p - orc
Aim: an orc, wielding a +0 hand axe and wearing a +0 scale mail (almost dead, 100% to hit)
The magic dart hits the orc.
You kill the orc!
The orc hits you with a +0 whip.
* * * LOW HITPOINT WARNING * * *
Casting: Magic Dart (safe; 1% risk of failure)
Confirm with . or Enter, or press ? or * to list all spells.
Aiming: Magic Dart (safe; 1% risk of failure)
Press: ? - help, Shift-Dir - straight line, f - orc
Aim: an orc, wielding a +0 whip and wearing a +0 leather armour (100% to hit)
The magic dart hits the orc.
The orc is moderately wounded.
The orc hits you with a +0 whip.
* * * LOW HITPOINT WARNING * * *
Casting: Magic Dart (safe; 1% risk of failure)
Confirm with . or Enter, or press ? or * to list all spells.
Aiming: Magic Dart (safe; 1% risk of failure)
Press: ? - help, Shift-Dir - straight line, f/p - orc
Aim: an orc, wielding a +0 whip and wearing a +0 leather armour (moderately wounded, 100% to hit)
The magic dart hits the orc.
The orc is almost dead.
The orc hits you with a +0 whip.
You die...

#).#..........# #.#
#..#.########.# #.#
#.......# #.# ##.#
#..#.##.#####.####.<#
#†##..........†....##
#.##..........####.#
#.##.##.####### #.#
#.##.#...######. ...
#.#.#...@....... ....
#..##...o)#####.##.##.
### #....... ..# .#
#.#.....## #.# #
#.#..#..# #.#.##..# #.
..# #. ..#


You could see an orc.

Vanquished Creatures
  4 gnolls (D:2)
  An adder (D:2)
  A worm (D:2)
  A dart slug (D:2)
  An orc (D:3)
  7 ball pythons
  6 endoplasms
  2 giant cockroaches (D:3)
  4 goblins
  6 hobgoblins
  3 quokkas
  4 bats
  4 frilled lizards (D:1)
  2 kobolds
  4 rats
50 creatures vanquished.

Notes
Turn   | Place    | Note
-------+----------+-------------------------------------------
     0 | D:1      | Psyclone the Deep Elf Conjurer began the quest for the Orb.
     0 | D:1      | Reached XP level 1. HP: 10/10 MP: 6/6
   189 | D:1      | Reached XP level 2. HP: 15/15 MP: 6/8
   335 | D:1      | Learned a level 2 spell: Searing Ray
   414 | D:1      | Found Qair's Armour Shoppe.
   656 | D:2      | Found Zutuxkoi's Jewellery Shop.
   675 | D:2      | Reached skill level 5 in Conjurations
   780 | D:2      | Reached XP level 3. HP: 13/19 MP: 6/10
   929 | D:2      | Found Xoolosaxt's Antique Armour Shop.
  1211 | D:2      | Reached XP level 4. HP: 24/24 MP: 6/12
  1473 | D:2      | Found Tatheism's Distillery.
  1878 | D:2      | Found Ogoraot's Weapon Shop.
  2291 | D:3      | Slain by an orc

Illustrated notes

Levels and vault maps discovered:
D:1:      saegor_arrival_simple_c, layout_rooms, serial_shops, shop,
          kennysheep_nondescript, minmay_misc_feat_ornament
D:2:      layout_basic, serial_shops, nicolae_shop_tiny_statue_garden,
          nicolae_shop_scrapyard, shop, shop
D:3:      layout_loops_ring

Skill      XL: |  1  2  3 |
---------------+----------+-----
Conjurations   | 5 |  5.9
Spellcasting   | 4 |  4.3
Dodging        | |  2.5
Stealth        | |  2.5

Action                     |  1- 3 |  4- 6 || total
---------------------------+-------+-------++-------
  Melee: Short sword       |       |     1 ||     1
   Cast: Magic Dart        |    59 |    34 ||    93
         Searing Ray       |     4 |     2 ||     6
    Use: Scroll            |       |     1 ||     1
 Armour: Robe              |     2 |     1 ||     3
  Dodge: Dodged            |     5 |     5 ||    10
